 Dungeon Crawl Stone Soup version 0.31-a0-7-g51783674b7 (webtiles) character file.

Game seed: 7377859385200106940

531 Dittersdorf the Shield-Bearer (level 7, -2/44 HPs)
             Began as a Gargoyle Fighter on May 5, 2023.
             Slain by a gnoll
             ... wielding a +0 flail
             ... led by a gnoll bouda
              (5 damage)
             ... on level 4 of the Dungeon.
             The game lasted 00:03:57 (3503 turns).

Dittersdorf the Shield-Bearer (Gargoyle Fighter)    Turns: 3503, Time: 00:03:58

Health: -2/44      AC: 14    Str: 22    XL:     7   Next: 24%
Magic:  7/7        EV: 10    Int:  8    God:
Gold:   181        SH:  4    Dex:  9    Spells: 6/6 levels left

rFire   . . .        q - +3 flail (protect)
rCold   . . .        c - +0 buckler
rNeg    + . .        o - +2 ring mail {Will+}
rPois   ∞            u - +0 helmet
rElec   +            (no cloak)
rCorr   +            (no gloves)
SInv    .            (no boots)
Will    +....        (no amulet) Stlth
                     v - ring of resist corrosion
HPRegen 0.27/turn    (no ring)
MPRegen 0.10/turn

%: no passive effects
@: no status effects
A: sickness immunity, AC +4, negative energy resistance 1, electricity
resistance, torment resistance 1, petrification resistance
a: no special abilities


You were on level 4 of the Dungeon.
You visited 1 branch of the dungeon, and saw 5 of its levels.

You collected 181 gold pieces.

Inventory:

Hand Weapons
 q - a +3 flail of protection (weapon)
Missiles
 a - 2 throwing nets
 l - 12 poisoned darts (quivered)
Armour
 c - a +0 buckler (worn)
 e - a +0 plate armour
 o - a +2 ring mail of willpower (worn)
 u - a +0 helmet (worn)
Jewellery
 v - a ring of resist corrosion (left hand)
Wands
 m - a wand of flame (27)
 s - a wand of charming (8)
Scrolls
 h - a scroll of enchant weapon
Potions
 d - a potion of might
 f - a potion of curing
 i - a potion of lignification {unknown}
 k - a potion of degeneration {unknown}
 n - a potion of berserk rage {unknown}
 p - a potion of experience {unknown}


   Skills:
 + Level 5.2 Fighting
 + Level 4.1 Maces & Flails
 + Level 5.2 Armour
 + Level 5.2 Shields


You had 6 spell levels left.
You didn't know any spells.
Your spell library contained the following spells:

 Spells                   Type           Power      Damage    Failure   Level
 Blink                    Tloc           0%         N/A       77%         2
 Hailstorm                Conj/Ice       0%         3d3       94%         3
 Ice Form                 Ice/Tmut       0%         N/A       100%        4
 Manifold Assault         Tloc           0%         N/A       100%        4
 Iskenderun's Battlesphe  Conj           0%         2d6       100%        5
 Iron Shot                Conj/Erth      0%         9d1       100%        6
 Simulacrum               Ice/Necr       0%         N/A       100%        6
 Spellforged Servitor     Conj/Summ      0%         N/A       100%        7
 Storm Form               Tmut/Air       0%         N/A       100%        7


Dungeon Overview and Level Annotations

Branches:
Dungeon (5/15)
 Temple: D:4-7

Altars:
Cheibriados
Elyvilon
Trog

Shops:
D:4 *   D:5 *


Innate Abilities, Weirdness & Mutations

You are immune to sickness and miasma.
Your stone body is resilient. (AC +4)
You are immune to poison.
You resist negative energy. (rN+)
You are resistant to electric shocks. (rElec)
You are resistant to unholy torment.
You are immune to petrification.


Message History

The gnoll is no longer moving quickly.
The gnoll is no longer moving quickly. x2
The gnoll hits you but does no damage.
The gnoll is no longer moving quickly.
The gnoll attacks as you move away! The gnoll hits you but does no damage.
The gnoll attacks as you move away! The gnoll closely misses you.
The gnoll bouda barks out a call to the hunt!
The gnolls pick up the pace!
The gnoll closely misses you. The gnoll hits you but does no damage.
The gnoll attacks as you move away! You block the gnoll's attack.
You block the gnoll's attack. The gnoll hits you but does no damage.
The gnoll attacks as you move away! The gnoll barely misses you.
The gnoll attacks as you move away! The gnoll barely misses you.
You block the gnoll's attack. The gnoll attacks as you move away!
The gnoll misses you. The gnoll attacks as you move away!
The gnoll hits you but does no damage.
There is a stone staircase leading up here.
The gnoll is no longer moving quickly.
The gnoll barely misses you. The gnoll hits you but does no damage.
You climb upwards.
There is a stone staircase leading down here.
The gnoll hits you with a +0 flail!
* * * LOW HITPOINT WARNING * * *
The gnoll hits you with a +0 flail.
* * * LOW HITPOINT WARNING * * *
The gnoll attacks as you move away! The gnoll closely misses you.
The gnoll hits you with a +0 flail.
* * * LOW HITPOINT WARNING * * *
The gnoll barely misses you. The gnoll attacks as you move away!
The gnoll barely misses you. The gnoll closely misses you.
Throw: 13 darts (poison)
Press: ? - help, Q - select action, (/) - cycle Shift-Dir - straight line, f - gnoll
Aim: a gnoll, wielding a +0 flail (covering ground quickly, 60% to hit)
You throw a poisoned dart. The poisoned dart hits the gnoll.
The gnoll is poisoned.
The gnoll is no longer moving quickly.
The gnoll hits you with a +0 flail.
You die...

############## #.........#...
#............# #.#######.....
#............# #.#.....#.....
#............#####.#.###.#.....
#............+...........#.....
#............#.....#.#####.....
###...#####....##..#.......#...
#...# ##.####..############
#...# #..@g...............
#...##########.......#.#.####
#............#.#####.#.#.####
############.#g..............
#.#>...........#..
#.#######.#.#..+..
########.#.......#.#.##..
#......#......####.#.##..
#......###.##'#....#.##..


You could see a gnoll (poisoned).

Vanquished Creatures
  Edmund (D:5)
  An ogre (D:4)
  A scorpion (D:5)
  2 hounds (D:5)
  2 iguanas
  Terence (D:3)
  6 adders
  3 worms
  2 dart slugs
  7 ball pythons
  9 endoplasms
  A giant cockroach (D:4)
  8 goblins
  8 hobgoblins
  10 kobolds
  3 quokkas
  4 bats
  4 frilled lizards
  5 rats
78 creatures vanquished.

Notes
Turn   | Place    | Note
-------+----------+-------------------------------------------
     0 | D:1      | Dittersdorf the Gargoyle Fighter began the quest for the
                  | Orb.
     0 | D:1      | Reached XP level 1. HP: 14/14 MP: 1/1
   182 | D:1      | Reached XP level 2. HP: 16/19 MP: 2/2
   320 | D:1      | Found a faded altar of an unknown god.
   879 | D:2      | Reached XP level 3. HP: 22/23 MP: 3/3
  1238 | D:2      | Reached XP level 4. HP: 28/29 MP: 4/4
  1484 | D:3      | Noticed Terence
  1509 | D:3      | Killed Terence
  1906 | D:3      | Found a bloodstained altar of Trog.
  1982 | D:3      | Reached XP level 5. HP: 33/33 MP: 5/5
  2234 | D:3      | Found a white marble altar of Elyvilon.
  2676 | D:4      | Found a snail-covered altar of Cheibriados.
  2756 | D:4      | Noticed an ogre
  2768 | D:4      | Killed an ogre
  2769 | D:4      | Reached XP level 6. HP: 25/39 MP: 6/6
  2930 | D:4      | Found Vuuclun's Serpentskin Sales.
  3103 | D:5      | Entered Level 5 of the Dungeon
  3207 | D:5      | Found Noimnes's General Store.
  3300 | D:5      | Noticed Edmund
  3312 | D:5      | Killed Edmund
  3313 | D:5      | Reached skill level 5 in Fighting
  3313 | D:5      | Reached skill level 5 in Armour
  3313 | D:5      | Reached skill level 5 in Shields
  3313 | D:5      | Reached XP level 7. HP: 15/44 MP: 7/7
  3499 | D:4      | HP: 2/44 [gnoll/+0 flail[a gnoll bouda] (3)]
  3503 | D:4      | Slain by a gnoll

Illustrated notes

Levels and vault maps discovered:
D:1:      nzn_arrival_depleted_hourglass, layout_rooms,
          dreamdust_ecumenical_altar_grove, amethyst_killhole,
          dk_noncrumbling_4, minmay_misc_feat_iff, hangedman_decor_points
D:2:      layout_rooms
D:3:      layout_basic, lemuel_tele_altar, trog_hazing_becter, serial_forest,
          infiniplex_forest_clump_double, infiniplex_forest_clump_double,
          infiniplex_forest_straight_2, infiniplex_forest_straight_3,
          infiniplex_forest_straight_3, infiniplex_forest_lined_2, uniq_terence
D:4:      layout_basic, kennysheep_little_box, guppyfry_shop_venom
D:5:      layout_cave_pools, serial_shops, kennysheep_mini_moat,
          lightli_corner_chamber, uniq_edmund, uniq_duvessa, uniq_prince_ribbit1

Skill      XL: |  1  2  3  4  5  6 |
---------------+-------------------+-----
Fighting       | 4 5 |  5.2
Armour         | 4 5 |  5.2
Shields        | 4 5 |  5.2
Maces & Flails | 3 4 |  4.1

Action                     |  1- 3 |  4- 6 |  7- 9 || total
---------------------------+-------+-------+-------++-------
  Melee: Flail             |    96 |   166 |     4 ||   266
  Throw: Dart              |       |       |     1 ||     1
    Use: Scroll            |       |     7 |       ||     7
 Armour: Scale mail        |    40 |    12 |       ||    52
         Ring mail         |       |    67 |     8 ||    75
  Dodge: Dodged            |    31 |    96 |    22 ||   149
  Block: Buckler           |    18 |    27 |     6 ||    51

Table legend: (Time is in decaauts)
 A = Elapsed time spent in this place.
 B = Non-inter-level travel time spent in this place.
 C = Inter-level travel time spent in this place.
 D = Time resting spent in this place.
 E = Time spent auto-exploring this place.
 F = Levels seen in this place.
 G = Mean time per level.
                   A        B        C        D        E       F      G
               +--------+--------+--------+--------+--------+-----+--------+
         Total |   3579 |   3425 |    154 |    256 |   2424 |   5 |  715.8 |
       Dungeon |   3579 |   3425 |    154 |    256 |   2424 |   5 |  715.8 |
               +--------+--------+--------+--------+--------+-----+--------+

Top non-repeatable levels by time:
     D:3: 991 daAuts
     D:1: 916 daAuts
     D:4: 845 daAuts
     D:2: 439 daAuts
     D:5: 387 daAuts
